 Dungeon Crawl Stone Soup version 0.29-a0-973-gac7da5f7f0 (webtiles) character file.

Game seed: 12019205126856651544

109 purpskrrrp the Ruffian (level 4, -1/40 HPs)
             Began as a Ghoul Fighter on Aug 1, 2022.
             Was an Initiate of Gozag.
             Slain by an orc
             ... wielding a +0 hand axe
              (3 damage)
             ... on level 3 of the Dungeon.
             The game lasted 00:06:07 (1912 turns).

purpskrrrp the Ruffian (Ghoul Fighter)              Turns: 1912, Time: 00:06:08

Health: -1/40      AC:  6    Str: 21    XL:     4   Next: 89%
Magic:  3/3        EV:  9    Int:  3    God:    Gozag
Gold:   270        SH:  0    Dex:  8    Spells: 3/3 levels left

rFire   + . .      SeeInvis .     - Unarmed
rCold   . . .      Faith    .   (no shield)
rNeg    + + +      Spirit   .   a - +0 scale mail
rPois   ∞          Reflect  .   (no helmet)
rElec   .          Harm     .   (no cloak)
rCorr   .          Rampage  .   (no gloves)
Will    .....                   (no boots)
Stlth   ..........              (no amulet)
HPRegen 0.00/turn               l - ring of fire
MPRegen 0.08/turn               (no ring)

@: mighty, inhibited regen
A: claws 1, cold resistance 1, negative energy resistance 3, inhibited
regeneration, torment resistance 2, devour on kill
a: Renounce Religion, Potion Petition, Call Merchant, Bribe Branch


You were on level 3 of the Dungeon.
You worshipped Gozag.
Gozag was aware of your devotion.
You visited 1 branch of the dungeon, and saw 3 of its levels.

You collected 270 gold pieces.

Inventory:

Armour
 a - a +0 scale mail (worn)
 b - a +0 buckler
 d - an orb of light
Jewellery
 l - a ring of fire (left claw)
Scrolls
 h - 2 scrolls of identify {unknown}
 i - a scroll of magic mapping {unknown}
 j - a scroll of vulnerability {unknown}
Potions
 c - a potion of might
 e - a potion of heal wounds {unknown}
 f - a potion of curing {unknown}
 g - a potion of lignification {unknown}
 k - 2 potions of haste {unknown}
 m - a potion of flight {unknown}


   Skills:
 + Level 4.0 Fighting
 - Level 2.6 Armour
 - Level 2.6 Shields
 * Level 4.8 Unarmed Combat


You had 3 spell levels left.
You didn't know any spells.
Your spell library contained the following spells:

 Spells                   Type           Power      Damage    Failure   Level
 Slow                     Hex            0%         N/A       86%         1
 Confusing Touch          Hex            0%         N/A       99%         3
 Vampiric Draining        Necr           0%         2d6       99%         3


Dungeon Overview and Level Annotations

Branches:
Dungeon (3/15)

Altars:
Gozag


Innate Abilities, Weirdness & Mutations

You are immune to poison.
You have sharp fingernails.
Your flesh is cold resistant. (rC+)
You are immune to negative energy. (rN+++)
You do not regenerate when monsters are visible.
You are immune to unholy pain and torment.
You thrive by killing the living.


Message History

A magic dart appears from out of thin air!
The magic dart hits you.
An orc comes into view. It is wielding a +0 hand axe.
You barely miss something.
You hear some strange, mumbled words.
A puff of flame appears from out of thin air!
The puff of flame hits you. You resist.
You miss something.
You hear some strange, mumbled words.
A puff of flame appears from out of thin air!
The puff of flame hits you. You resist.
You closely miss something. Something hits you but does no damage.
You scratch something. Your claw misses something. Something hits you.
* * * LOW HITPOINT WARNING * * *
The orc enters a dispersal trap!
You blink.
The orc blinks!
A puff of flame appears from out of thin air!
The puff of flame hits you. You resist.
* * * LOW HITPOINT WARNING * * *
You barely miss something. You scratch something but do no damage.
Something hits you but does no damage.
An orc is nearby!
An orc is nearby!
An orc is nearby!
You scratch something. Something hits you but does no damage.
You miss something.
You hear some strange, mumbled words.
Something tries to affect you, but you resist.
You closely miss something.
You hear some strange, mumbled words.
A magic dart appears from out of thin air!
The magic dart hits you.
* * * LOW HITPOINT WARNING * * *
The orc hits you with a +0 hand axe.
* * * LOW HITPOINT WARNING * * *
You feel very mighty all of a sudden. Something hits you.
* * * LOW HITPOINT WARNING * * *
The orc hits you with a +0 hand axe.
You die...
Your body crumbles into a pile of gold.

#.##...# #.. ......
#.# #...# #.#
####.^.###.######
#...............#
#.##...###.####.# #
#...# #.#
#.##...###.#
#.?...{@o..#
##.....<....# #
..............# ..#$
####.##...###$##.....
#. #...$.).......# #
#...$..>...#.##
####.......#
.........#
###.......#


You could see an orc.

Vanquished Creatures
  Robin (D:2)
  4 adders (D:2)
  A worm (D:2)
  A dart slug (D:2)
  3 orcs (D:3)
  A bat (D:3)
  6 endoplasms
  3 giant cockroaches
  8 goblins (D:2)
  4 hobgoblins (D:2)
  2 jackals (D:1)
  3 quokkas (D:2)
  4 ball pythons
  2 frilled lizards (D:2)
  3 kobolds
  6 rats
52 creatures vanquished.

Vanquished Creatures (others)
  A plant (D:1)
  5 withered plants (D:1)
6 creatures vanquished.

Grand Total: 58 creatures vanquished

Notes
Turn   | Place    | Note
-------+----------+-------------------------------------------
     0 | D:1      | purpskrrrp the Ghoul Fighter began the quest for the Orb.
     0 | D:1      | Reached XP level 1. HP: 19/19 MP: 0/0
   142 | D:1      | Reached XP level 2. HP: 25/26 MP: 1/1
   401 | D:1      | Found a faded altar of an unknown god.
   856 | D:1      | Prayed at the altar of an unknown god.
   856 | D:1      | Became a worshipper of Gozag Ym Sagoz the Greedy
   991 | D:2      | Reached XP level 3. HP: 33/33 MP: 2/2
  1041 | D:2      | Noticed Robin
  1075 | D:2      | Killed Robin
  1121 | D:2      | Reached XP level 4. HP: 27/40 MP: 3/3
  1912 | D:3      | HP: 2/40 [something (1)]
  1912 | D:3      | Slain by an orc

Illustrated notes

Levels and vault maps discovered:
D:1:      ncdulo_watergridlock, layout_basic,
          shapermc_ecumenical_altar_flowoftime, hangedman_decor_growths
D:2:      layout_basic, grunt_ministairs_3, uniq_robin
D:3:      layout_loops_ring

Skill      XL: |  1  2  3 |
---------------+----------+-----
Unarmed Combat | 3 4 |  4.8
Fighting       | 4 |  4.0
Armour         | |  2.6
Shields        | |  2.6

Action                   |  1- 3 |  4- 6 || total
-------------------------+-------+-------++-------
Melee: Unarmed           |   110 |    79 ||   189
       Punch             |     2 |     2 ||     4
  Use: Potion            |       |     1 ||     1
Armor: Scale mail        |    19 |    31 ||    50
Dodge: Dodged            |    33 |    33 ||    66
Block: Buckler           |     4 |       ||     4

Table legend: (Time is in decaauts)
 A = Elapsed time spent in this place.
 B = Non-inter-level travel time spent in this place.
 C = Inter-level travel time spent in this place.
 D = Time resting spent in this place.
 E = Time spent auto-exploring this place.
 F = Levels seen in this place.
 G = Mean time per level.
                   A        B        C        D        E       F      G
               +--------+--------+--------+--------+--------+-----+--------+
         Total |   1901 |   1899 |      2 |     69 |   1332 |   3 |  633.7 |
       Dungeon |   1901 |   1899 |      2 |     69 |   1332 |   3 |  633.7 |
               +--------+--------+--------+--------+--------+-----+--------+

Top non-repeatable levels by time:
     D:2: 920 daAuts
     D:1: 918 daAuts
     D:3: 63 daAuts
